 Dungeon Crawl Stone Soup version 0.27.1-33-g824d729ab1 (webtiles) character file.

Game seed: 15516679689083189167

256 SensoryNuts the Slasher (level 5, -4/46 HPs)
             Began as a Draconian Monk on Dec 9, 2021.
             Was an Initiate of Ru.
             Engulfed by a steam dragon's steam (7 damage)
             ... on level 4 of the Dungeon.
             The game lasted 00:04:23 (2608 turns).

SensoryNuts the Slasher (Draconian Monk)            Turns: 2608, Time: 00:04:23

Health: -4/46      AC:  5    Str: 15    XL:     5   Next: 92%
Magic:  5/5        EV: 13    Int: 10    God:    Ru [......]
Gold:   137        SH:  0    Dex: 13    Spells: 4/4 levels left

rFire    . . .     SeeInvis .   f - +0 dagger (drain)
rCold    . . .     Faith    .   (no shield)
rNeg     . . .     Spirit   .   (armour unavailable)
rPois    .         Reflect  .   (helmet restricted)
rElec    .         Harm     .   (no cloak)
rCorr    .         Rampage  .   (no gloves)
Will     .....                  (no boots)
Stlth    ++........             (no amulet)
HPRegen  0.15/turn              (no ring)
MPRegen  0.09/turn              (no ring)

@: no status effects
A: AC +5, unfitting armour, cold-blooded
a: Renounce Religion, Sacrifice Essence, Sacrifice Love, Sacrifice Resistance,
Reject Sacrifices


You were on level 4 of the Dungeon.
You worshipped Ru.
Ru was noncommittal.
You visited 1 branch of the dungeon, and saw 4 of its levels.

You collected 137 gold pieces.

Inventory:

Hand Weapons
 a - a +0 falchion
 f - a +0 dagger of draining (weapon)
Jewellery
 k - a +6 ring of strength
Wands
 h - a wand of iceblast (9)
Scrolls
 b - 2 scrolls of teleportation {unknown}
 c - a scroll of enchant weapon {unknown}
 d - 3 scrolls of identify {unknown}
 e - 2 scrolls of fog {unknown}
 g - a scroll of magic mapping {unknown}
Potions
 i - a potion of brilliance {unknown}
 j - a potion of heal wounds {unknown}


   Skills:
 + Level 4.2 Fighting
 + Level 2.0(3.4) Short Blades
 + Level 4.3(4.6) Long Blades
 + Level 3.9 Dodging
 + Level 2.5 Stealth


You had 4 spell levels left.
You didn't know any spells.
Your spell library contained the following spells:

 Spells                   Type           Power      Damage    Failure   Level
 Sublimation of Blood     Necr           0%         N/A       50%         2
 Petrify                  Tmut/Erth      0%         N/A       98%         4
 Irradiate                Conj/Tmut      0%         3d13      100%        5


Dungeon Overview and Level Annotations

Branches:
Dungeon (4/15)
 Temple: D:4-7

Altars:
Ru


Innate Abilities, Weirdness & Mutations

Your plain brown scales are hard. (AC +5)
You cannot fit into any form of body armour.
You are cold-blooded and may be slowed by cold attacks.


Message History

* * * LOW HITPOINT WARNING * * *
You barely miss the steam dragon.
The steam dragon is heavily wounded.
You hit the steam dragon but do no damage.
You drain the steam dragon.
The steam dragon is heavily wounded.
The steam dragon barely misses you. x2
You completely miss the steam dragon. You tail-slap the steam dragon.
The steam dragon is severely wounded.
The steam dragon barely misses you. The steam dragon closely misses you.
Okay, then.
You closely miss the steam dragon.
The steam dragon is severely wounded.
The steam dragon barely misses you.
The steam dragon claws you but does no damage.
You closely miss the steam dragon.
You tail-slap the steam dragon, but do no damage.
The steam dragon is heavily wounded.
The steam dragon breathes steam at you. The ball of steam misses you.
You hit the steam dragon. You drain the steam dragon.
You tail-slap the steam dragon.
The steam dragon is severely wounded.
You are engulfed in a cloud of scalding steam.
You barely miss the steam dragon.
You tail-slap the steam dragon, but do no damage.
The steam dragon is severely wounded.
You are engulfed in a cloud of scalding steam.
* * * LOW HITPOINT WARNING * * *
The steam dragon closely misses you. x2
You hit the steam dragon but do no damage.
The steam dragon is severely wounded.
You are engulfed in a cloud of scalding steam.
* * * LOW HITPOINT WARNING * * *
The steam dragon misses you. x2
You hit the steam dragon but do no damage.
You drain the steam dragon.
The steam dragon is almost dead.
You are engulfed in a cloud of scalding steam.
You die...

#..... #....#
## #....#
..##..
#....##......
#...........
#..... ....
#...D# ..#
#..§@##..##
#...§.....#
#....§....#
#.....<...#
###########


You could see a steam dragon (catching breath, drained).

Vanquished Creatures
  A centaur (D:3)
  Jessica (D:2)
  Ijyb (D:3)
  3 adders
  A gnoll (D:1)
  4 worms
  3 dart slugs
  3 orcs (D:3)
  4 bats (D:1)
  7 endoplasms
  5 goblins
  3 hobgoblins
  6 jackals (D:2)
  5 quokkas
  9 ball pythons
  4 frilled lizards
  4 kobolds
  4 rats
  A spectral goblin (D:3)
69 creatures vanquished.

Notes
Turn   | Place    | Note
-------+----------+-------------------------------------------
     0 | D:1      | SensoryNuts the Draconian Monk began the quest for the Orb.
     0 | D:1      | Reached XP level 1. HP: 19/19 MP: 1/1
    79 | D:1      | Reached XP level 2. HP: 9/26 MP: 2/2
   539 | D:1      | Reached XP level 3. HP: 33/33 MP: 3/3
  1041 | D:2      | Reached XP level 4. HP: 30/40 MP: 4/4
  1292 | D:2      | Noticed Jessica
  1300 | D:2      | Killed Jessica
  1600 | D:3      | Noticed Ijyb
  1650 | D:3      | Killed Ijyb
  1651 | D:3      | Reached skill level 1 in Short Blades
  1651 | D:3      | Reached XP level 5. HP: 27/46 MP: 5/5
  1991 | D:3      | Found a faded altar of an unknown god.
  2052 | D:3      | Became a worshipper of Ru the Awakened
  2135 | D:3      | Noticed a centaur
  2145 | D:3      | Killed a centaur
  2588 | D:4      | Noticed a steam dragon
  2608 | D:4      | Engulfed by a steam dragon's steam

Illustrated notes

Levels and vault maps discovered:
D:1:      evilmike_arrival_fibonacci_small, layout_rooms
D:2:      layout_rooms, uniq_jessica
D:3:      layout_loops_ring, dreamdust_ecumenical_altar_drowned_temple,
          hangedman_decor_points, uniq_ijyb
D:4:      layout_gridville, minmay_temple_entry_arrows

Skill      XL: |  1  2  3  4  5 |
---------------+----------------+-----
Dodging        | 3 |  3.9
Stealth        | 2 |  2.5
Fighting       | 4 |  4.2
Long Blades    | 4 |  4.3
Short Blades   | 1 2 |  2.0

Action                   |  1- 3 |  4- 6 || total
-------------------------+-------+-------++-------
Melee: Falchion          |    69 |       ||    69
       Tailslap          |    13 |    21 ||    34
       Dagger            |    37 |   171 ||   208
 Stab: Sleeping          |     2 |     1 ||     3
Armor: Skin              |    41 |    39 ||    80
Dodge: Dodged            |    85 |    94 ||   179
       Rpst.: Falchion   |    20 |       ||    20
